Unix NetHack Version 3.7.0-59 Work-in-progress - last build Jun 15 2022 12:00:05 (ba19de5de9b105df43ec81f7b8aaf5e01ff60ae8,branch:master). Game began 2022-06-18 15:39:32, ended 2022-06-18 20:01:30. spontiff, neutral male gnomish Healer --------- #........| #|.......| ----- ----- #|.......| |...| #-...| ------------- #|..{....| |...| #|{<.-# |!!!]!!.....| #-.----.-- #.....#### #|...|# |!!!!!!..!..| ## 0## # #---.- ###) #-----## |!!!!!!.!!!.-#### # # ## # ## # # |!]!!!......| # # ## # ####### # ------------- ###### # ### # # # #### # # # #### -.-.- # ---.------### ###---- |....#### # |........|# ###-..| |[..| ###########.@&f..>..|# #|..| |....###### # |.&......|# #...| |...| #-|---# |........-# --|- |.).| #....|# ---------- # ----- |...-# ----- Spontiff the Rhizotomist St:9 Dx:9 Co:17 In:9 Wi:18 Ch:16 Neutral S:350 Dlvl:2 $:0 HP:0(44) Pw:0(5) AC:1 Xp:1/0 T:5744 Latest messages: Status of the large cat (neutral): Level 9 HP 72(72) AC 4, tame. What do you want to zap? [abCSTX or ?*] Never mind. You see here a dagger. The large cat picks up a dagger. The large cat misses the water demon. What do you want to use or apply? [abeklostwxCSTXZ or ?*] s In what direction? j Status of the water demon (chaotic): Level 7 HP 32(32) AC -10. The large cat misses the water demon. The water demon thrusts one of her daggers. The water demon hits! The water demon hits! The water demon bites! What do you want to zap? [abCSTX or ?*] S In what direction? n The sleep ray misses the water demon. The large cat misses the water demon. The water demon thrusts one of her daggers. The water demon hits! The water demon hits! The water demon bites! The large cat misses the water demon. You hear some noises. In what direction? . You feel better. A water demon appears in a cloud of vapor! The water demon thrusts one of her daggers. The water demon hits! The water demon hits! The water demon bites! #oh ffs: unknown extended command. The large cat misses the water demon. The water demon thrusts one of her daggers. The water demon hits! The water demon hits! The water demon bites! The large cat misses the water demon. What do you want to use or apply? [abeklostwxCSTXZ or ?*] w In what direction? l The water demon ignores her reflection. The water demon hits! The water demon hits! The water demon bites! The large cat misses the water demon. The water demon thrusts one of her daggers. The water demon hits! You die... Do you want your possessions identified? [ynq] (y) y Do you want to see the dungeon overview? [ynq] (y) q Major events: Turn 1: spontiff the neutral male gnomish Healer entered the dungeon 1495: entered the Gnomish Mines 3971: reached Mine Town 5744: killed by a water demon Inventory: Armor h - an uncursed +0 dwarvish iron helm (being worn) g - a blessed +1 pair of leather gloves (being worn) G - an uncursed +0 pair of leather gloves v - an uncursed +0 pair of high boots (being worn) r - an uncursed +0 small shield (being worn) V - an uncursed +0 cloak of invisibility q - an uncursed +0 dwarvish cloak (being worn) Comestibles y - an uncursed apple n - 4 uncursed food rations p - an uncursed tripe ration Scrolls A - an uncursed scroll of enchant armor I - a cursed scroll of identify f - 2 uncursed scrolls of remove curse Potions i - a cursed potion of blindness B - an uncursed potion of booze c - a blessed potion of fruit juice F - a cursed potion of fruit juice H - an uncursed potion of gain ability L - an uncursed potion of see invisible z - 2 potions of holy water Wands T - an uncursed wand of create monster (0:11) C - an uncursed wand of magic missile (0:4) S - an uncursed wand of sleep (0:0) X - an uncursed wand of slow monster (0:5) b - an uncursed wand of speed monster (0:6) a - an uncursed wand of undead turning (0:8) Tools Z - an uncursed bag of tricks (0:0) t - an uncursed blindfold x - a cursed brass lantern k - an uncursed credit card w - an uncursed mirror e - an uncursed +0 pick-axe s - an uncursed stethoscope o - an uncursed tin whistle Gems/Stones E - 2 uncursed diamonds J - an uncursed jade stone d - 2 uncursed worthless pieces of black glass m - 2 uncursed worthless pieces of blue glass O - 2 uncursed worthless pieces of red glass K - 2 uncursed worthless pieces of yellow glass l - an uncursed flint stone Spontiff the Healer's attributes: Background: You were a Rhizotomist, a level 1 male gnomish Healer. You were neutral, on a mission for Hermes who was opposed by Athena (lawful) and Poseidon (chaotic). You were in the Dungeons of Doom, on level 2. You entered the dungeon 5744 turns ago. You had 0 experience points, 20 were needed to attain level 2. Your score was 350 before end-of-game adjustments. Basics: You had 0 out of 44 hit points. You had 0 out of 5 energy points (spell power). Your armor class was 1. Your wallet was empty. Autopickup was on for '$!/="?' plus thrown, with exceptions. Final Characteristics: Your strength was 9 (limit:18/50). Your dexterity was 9 (limit:18). Your constitution was 17 (limit:18). Your intelligence was 9 (limit:19). Your wisdom was 18 (limit:18). Your charisma was 16 (limit:18). Final Status: You were not hungry. You were unencumbered. You were empty handed. You were unskilled in bare handed combat. Final Attributes: You were piously aligned. You were poison resistant. You had infravision. You had a small defense bonus (+2). You were warded. You are dead. Miscellaneous: You never encountered a bones level. Total elapsed playing time was 1 hour, 19 minutes and 36 seconds. Vanquished creatures: a small mimic 3 watchmen a leprechaun a pony 2 gnome leaders a straw golem 2 floating eyes 2 kittens 5 dwarves a homunculus 5 hill orcs a centipede a giant bat 5 monkeys a dwarf zombie 2 wererats 4 iguanas 4 acid blobs 4 coyotes 3 gas spores 5 hobbits 2 manes a large kobold a hobgoblin a giant rat a cave spider a yellow mold 2 green molds 2 red molds 9 gnomes a garter snake a gnome zombie 5 geckos 4 jackals 4 kobolds a goblin a sewer rat 5 grid bugs 7 lichens 2 kobold zombies 7 newts 112 creatures vanquished. No species were genocided or became extinct. Voluntary challenges: You never hit with a wielded weapon. You were a pacifist. You read items or engraved 2 times. You never engraved Elbereth. You never genocided any monsters. You never polymorphed an object. You never changed form. You used no wishes. Achievements: You entered a shop. You entered the Gnomish Mines. You entered Minetown. You entered a temple. The Dungeons of Doom: levels 1 to 5 Level 1: "Stashlet" Level 2: <- You were here. A potion shop, some fountains. Final resting place for you, killed by a water demon. Level 3: A general store, a fountain. Level 4: A fountain. Stairs down to The Gnomish Mines. Level 5: "vault" A fountain. The Gnomish Mines: levels 5 to 8 Level 5: Level 6: "teletrap" Level 7: Some shops, a temple to Hermes, some fountains. Level 8: Game over: ---------- / \ / REST \ / IN \ / PEACE \ / \ | spontiff | | 0 Au | | killed by a | | water demon | | | | | | 2022 | *| * * * | * _________)/\\_//(\/(/\)/\//\/|_)_______ Goodbye spontiff the Healer... You died in The Dungeons of Doom on dungeon level 2 with 350 points, and 0 pieces of gold, after 5744 moves. You were level 1 with a maximum of 44 hit points when you died.